 Dungeon Crawl Stone Soup version 0.30.1-4-g462c640d31 (webtiles) character file.

Game seed: 6723118821219897533

79 Hetzau the Caller (level 4, 0/24 HPs)
             Began as a Kobold Summoner on Sept 17, 2023.
             Slain by a scorpion (7 damage)
             ... on level 3 of the Dungeon.
             The game lasted 00:19:13 (2546 turns).

Hetzau the Caller (Kobold Summoner)                 Turns: 2546, Time: 00:19:14

Health: 0/24       AC:  3    Str:  5    XL:     4   Next: 64%
Magic:  7/9        EV: 14    Int: 24    God:
Gold:   93         SH:  0    Dex: 15    Spells: 6/10 levels left

rFire   . . .        n - +0 spear
rCold   . . .        (no shield)
rNeg    . . .        i - +0 leather armour
rPois   .            (no helmet)
rElec   .            (no cloak)
rCorr   .            (no gloves)
SInv    .            (no boots)
Will    .....        d - amulet of regeneration
Stlth   +++          k - +6 ring of intelligence
HPRegen 1.04/turn    (no ring)
MPRegen 0.11/turn

%: no passive effects
@: lethally poisoned (0 -> -1)
A: small, no large weapons, nightstalker 3
a: no special abilities


You were on level 3 of the Dungeon.
You visited 1 branch of the dungeon, and saw 4 of its levels.

You collected 93 gold pieces.

Inventory:

Hand Weapons
 n - a +0 spear (weapon)
Armour
 a - a +0 robe
 i - a +0 leather armour (worn)
Jewellery
 d - an amulet of regeneration (around neck)
 k - a +6 ring of intelligence (left hand)
 o - a ring of resist corrosion
Scrolls
 c - 2 scrolls of noise {unknown}
 e - a scroll of blinking {unknown}
 g - a scroll of fog {unknown}
 j - a scroll of enchant armour {unknown}
 l - 3 scrolls of identify {unknown}
Potions
 b - a potion of magic
 f - a potion of mutation {unknown}
 h - a potion of cancellation {unknown}
 m - 3 potions of curing {unknown}
 p - 2 potions of might {unknown}


   Skills:
 - Level 2.4 Dodging
 - Level 2.6 Stealth
 + Level 3.6 Spellcasting
 + Level 4.9 Summonings


You had 6 spell levels left.
You knew the following spells:

 Your Spells              Type           Power      Damage    Failure   Level
a - Summon Small Mammal   Summ           100%       N/A       2%          1
b - Call Canine Familiar  Summ           28%        N/A       7%          3

Your spell library contained the following spells:

 Spells                   Type           Power      Damage    Failure   Level
 Call Imp                 Summ           56%        N/A       3%          2
 Summon Guardian Golem    Hex/Summ       16%        N/A       19%         3
 Hailstorm                Conj/Ice       4%         3d4       45%         3
 Summon Lightning Spire   Summ/Air       16%        N/A       52%         4
 Ice Form                 Ice/Tmut       4%         N/A       86%         4
 Simulacrum               Ice/Necr       2%         N/A       100%        6


Dungeon Overview and Level Annotations

Branches:
Dungeon (4/15)
 Temple: D:4-7

Altars:
Wu Jian

Annotations:
D:3 Ijyb


Innate Abilities, Weirdness & Mutations

You are small and have problems with some larger weapons.
You are completely attuned to the shadows.


Message History

The endoplasm closely misses you. The endoplasm attacks as you move away!
The endoplasm hits you.
Your hound closely misses the ball python.
The endoplasm attacks as you move away! The endoplasm misses you.
The kobold shouts!
The frilled lizard closely misses something.
The kobold hits you with a +0 short sword.
Found a stone staircase leading up.
The scorpion closely misses you.
A scorpion comes into view.
The hobgoblin attacks as you move away! The hobgoblin misses you.
Found a fizzy black potion.
The hobgoblin attacks as you move away! The hobgoblin hits you.
The hobgoblin attacks as you move away!
The hobgoblin hits you but does no damage.
The kobold attacks as you move away!
The kobold hits you with a +0 short sword.
Found a robe.
The scorpion stings you. The scorpion barely misses you.
There is a stone staircase leading up here.
The scorpion stings you. Something barely misses your hound.
The endoplasm jiggles.
The hobgoblin closely misses you.
You climb upwards.
Level annotation: Ijyb
Found 8 gold pieces.
There is a stone staircase leading down here.
You hit the hobgoblin but do no damage.
The hobgoblin is almost dead.
The scorpion stings you.
You are poisoned.
The scorpion poisons you! The hobgoblin hits you.
The scorpion attacks as you move away! The scorpion barely misses you.
Found 18 gold pieces.
You feel very sick.
You feel very sick. The scorpion attacks as you move away!
The scorpion stings you but does no damage.
The hobgoblin attacks as you move away! The hobgoblin closely misses you.
A rat comes into view.
You feel sick. The scorpion stings you!
You die...

...##.....#
..##......#
.....#.....
#..........
..........
.....##
..........
.......###
........
...........
.......
............
......
.......@...r
.....
......sg....
....
....$....$..
...
....>.......
..
.......#####
# .......#
.....###
....##


You could see a scorpion, a hobgoblin and a rat (asleep).

Vanquished Creatures
  A gnoll (D:2)
  A worm (D:2)
  4 bats
  3 endoplasms
  3 goblins
  A hobgoblin (D:2)
  A ball python (D:3)
  6 rats
20 creatures vanquished.

Vanquished Creatures (collateral kills)
  2 gnolls (D:2)
  A dart slug (D:1)
  2 endoplasms
  2 giant cockroaches
  A hobgoblin (D:1)
  4 jackals (D:2)
  2 quokkas (D:1)
  4 ball pythons
  2 bats (D:2)
  2 goblins (D:1)
  A kobold (D:2)
  3 rats
26 creatures vanquished.

Grand Total: 46 creatures vanquished

Notes
Turn   | Place    | Note
-------+----------+-------------------------------------------
     0 | D:1      | Hetzau the Kobold Summoner began the quest for the Orb.
     0 | D:1      | Reached XP level 1. HP: 10/10 MP: 3/3
   147 | D:1      | Reached XP level 2. HP: 10/15 MP: 2/5
   577 | D:1      | Reached XP level 3. HP: 19/19 MP: 5/7
  1483 | D:2      | Reached XP level 4. HP: 16/24 MP: 7/9
  1507 | D:2      | Learned a level 3 spell: Call Canine Familiar
  1725 | D:2      | Found an ornate altar of the Wu Jian Council.
  2466 | D:3      | Noticed Ijyb
  2530 | D:4      | Noticed a scorpion
  2537 | D:4      | Noticed a scorpion
  2546 | D:3      | Slain by a scorpion

Illustrated notes

Levels and vault maps discovered:
D:1:      wander_arrival_lonely_grave, layout_basic,
          chequers_serial_rivers_small_b
D:2:      layout_basic, basic_altar
D:3:      layout_rooms, minmay_curled_crystal, uniq_ijyb, uniq_natasha
D:4:      layout_rooms, nicolae_ru_awakened_eye, nrook_mini_vaults

Skill      XL: |  1  2  3 |
---------------+----------+-----
Spellcasting   | 3 |  3.6
Dodging        | |  2.4
Stealth        | |  2.6
Summonings     | |  4.9

Action                     |  1- 3 |  4- 6 || total
---------------------------+-------+-------++-------
  Melee: Unarmed           |     9 |       ||     9
         Club              |    67 |     2 ||    69
         Spear             |       |    18 ||    18
   Cast: Summon Small Mamm |    30 |     2 ||    32
         Call Canine Famil |       |     6 ||     6
   Stab: Sleeping          |     5 |     1 ||     6
 Armour: Robe              |    12 |       ||    12
         Leather armour    |     4 |    11 ||    15
  Dodge: Dodged            |    79 |    61 ||   140
